 Dungeon Crawl Stone Soup version 0.21.1-1-g345015f (webtiles) character file.

1817 inc the Conjurer (level 8, -1/34 HPs)
             Began as a Felid Monk on Mar 7, 2018.
             Was an Elder of Vehumet.
             Slain by a wyvern skeleton (13 damage)
             ... on level 9 of the Dungeon.
             The game lasted 00:24:41 (11241 turns).

inc the Conjurer (Felid Monk)                      Turns: 11241, Time: 00:24:42

Health: -1/34      AC:  2    Str:  7    XL:     8   Next: 85%
Magic:  6/14       EV: 20    Int: 16    God:    Vehumet [****..]
Gold:   433        SH:  0    Dex: 19    Spells: 3/14 levels left
                                        Lives:  0   Deaths: 2

rFire    + . .     SeeInvis +     - Unarmed
rCold    . . .     Gourm    .   (shield unavailable)
rNeg     . . .     Faith    .   (armour unavailable)
rPois    .         Spirit   .   (helmet unavailable)
rElec    .         Reflect  .   (cloak unavailable)
rCorr    .         Harm     .   (gloves unavailable)
MR       +....                  (boots unavailable)
Stlth    +++.......             B - amulet of magic regeneration
HPRegen  0.11/turn              C - ring of wizardry
MPRegen  0.39/turn              u - ring of protection from fire

@: quick
A: very small, no armour, no weapons or thrown items, stealth, claws 1, fangs 3,
thin skeletal structure 1, see invisible, carnivore, clever 1, clumsy 1, speed
1, shaggy fur 2, slow metabolism 1, wild magic 1, sharp paws
a: Renounce Religion


You were on level 9 of the Dungeon.
You worshipped Vehumet.
Vehumet was greatly pleased with you.
You were not hungry.

You visited 2 branches of the dungeon, and saw 10 of its levels.

You collected 433 gold pieces.

Inventory:

Missiles
 n - 183 stones
Jewellery
 o - an uncursed ring of flight
 s - an uncursed ring of positive energy
 u - a ring of protection from fire (right paw)
 y - an uncursed ring of positive energy
 B - an amulet of magic regeneration (around neck)
 C - a ring of wizardry (left paw)
 F - an uncursed ring of protection from magic {unknown}
Wands
 g - a wand of paralysis (8)
 p - a wand of polymorph (11)
 q - a wand of enslavement (8)
Scrolls
 b - 5 scrolls of magic mapping {unknown}
 c - 2 scrolls of immolation {unknown}
 d - a scroll of blinking {unknown}
 h - 2 scrolls of teleportation
 j - 5 scrolls of remove curse
 l - a scroll of fear {unknown}
 m - 2 scrolls of enchant armour
 v - 3 scrolls of fog
 D - 2 scrolls of amnesia
 E - a scroll of holy word {unknown}
 G - a scroll of identify
Potions
 e - a potion of mutation
 f - a potion of haste
 i - a potion of might
 k - a potion of brilliance
 t - a potion of flight
 z - a potion of invisibility
Books
 r - a book of Maledictions

   Spells                             Type                      Level
   a - Corona                         Hexes                        1
   b - Ensorcelled Hibernation        Hexes/Ice                    2
   c - Confuse                        Hexes                        3
   d - Tukima's Dance                 Hexes                        3
   e - Dazzling Spray                 Conjuration/Hexes            3
 w - a book of Minor Magic

   Spells                             Type                      Level
   a - Magic Dart                     Conjuration                  1
   b - Blink                          Translocation                2
   c - Call Imp                       Summoning                    2
   d - Slow                           Hexes                        2
   e - Conjure Flame                  Conjuration/Fire             3
   f - Mephitic Cloud                 Conjuration/Poison/Air       3
 x - a book of Flames

   Spells                             Type                      Level
   a - Flame Tongue                   Conjuration/Fire             1
   b - Throw Flame                    Conjuration/Fire             2
   c - Conjure Flame                  Conjuration/Fire             3
   d - Inner Flame                    Hexes/Fire                   3
   e - Sticky Flame                   Conjuration/Fire             4
   f - Fireball                       Conjuration/Fire             5
 A - a book of Frost

   Spells                             Type                      Level
   a - Freeze                         Ice                          1
   b - Throw Frost                    Conjuration/Ice              2
   c - Ozocubu's Armour               Charms/Ice                   3
   d - Throw Icicle                   Conjuration/Ice              4
   e - Summon Ice Beast               Ice/Summoning                4
Comestibles
 a - 19 rations


   Skills:
 - Level 3.0 Fighting
 - Level 4.0 Dodging
 - Level 2.6 Stealth
 - Level 7.5 Unarmed Combat
 + Level 3.7 Spellcasting
 - Level 7.6 Conjurations
 - Level 6.7 Fire Magic
 - Level 3.5 Air Magic


You had 3 spell levels left.
You knew the following spells:

 Your Spells              Type           Power        Failure   Level  Hunger
a - Fireball              Conj/Fire      ####......   4%          5    ######.
b - Shock                 Conj/Air       ####         1%          1    None
c - Flame Tongue          Conj/Fire      ####.        1%          1    None
d - Sticky Flame          Conj/Fire      ####....     1%          4    ####...


Dungeon Overview and Level Annotations

Branches:
Dungeon (9/15)             Temple (1/1) D:6
   Lair: D:8-11         Orc: D:9-12

Altars:
Cheibriados
Gozag
Nemelex Xobeh
Qazlal
Vehumet
Xom

Shops:
D:7 %

Annotations:
D:3 Sigmund


Innate Abilities, Weirdness & Mutations

You cannot wear armour.
You are incapable of wielding weapons or throwing items.
Your paws allow you to move quietly. (Stealth)
You have sharp claws.
You have razor-sharp teeth.
You have supernaturally acute eyesight. (SInv)
You are carnivorous and can eat meat at any time.
You cover ground quickly.
You are covered in thick fur. (AC +2)
You have a slow metabolism.
Your sharp claws are effective at attacking unaware monsters.
You have a somewhat thin skeletal structure. (Dex +2, Stealth)
Your mind is acute. (Int +2)
You are clumsy. (Dex -2)
Your spells are a little harder to cast, but a little more powerful.


Message History

The wyvern skeleton misses you.
Casting: Flame Tongue
Confirm with . or Enter, or press ? or * to list all spells.
Aiming: Sticky Flame
Press: ? - help, Shift-Dir - straight line, f - wyvern skeleton, p - hungry ghost
Aim: a wyvern skeleton (severely damaged)
The sticky flame hits the wyvern skeleton.
The wyvern skeleton is severely damaged.
The wyvern skeleton is covered in liquid flames!
The wyvern skeleton burns!
The hungry ghost hits you.
You feel a lot more hungry. The wyvern skeleton bites you!
Casting: Sticky Flame
Confirm with . or Enter, or press ? or * to list all spells.
Aiming: Flame Tongue
Press: ? - help, Shift-Dir - straight line, f - hungry ghost, p - wyvern skeleton
Aim: a hungry ghost (heavily damaged)
The flame tongue misses the hungry ghost.
The wyvern skeleton burns!
The hungry ghost hits you.
You feel a lot more hungry. The wyvern skeleton bites you!
You die...

.....## ##........#
..##..###..#####.#######
............##..........
.###.###..#....#....<.##
.###.###.........######
..........#####..#
.................#
.###....##.....#W#
.........W.#####@#
#####..#.#### #Z#
#.....>..# #.#
#....###.# #.# #.#.##
#.# ...#.##### #Z#
.....#....<#$###.#
........$.........
####..........?.(.


You could see a hungry ghost, a bullfrog skeleton and a wyvern skeleton
(burning).

Vanquished Creatures
  Pikel (D:7)
  Maurice (D:8)
  2 hippogriffs
  A wyvern (D:9)
  A hungry ghost (D:8)
  2 soldier ants (D:8)
  A black bear (D:7)
  A sky beast (D:7)
  An ice beast (D:7)
  A slave (D:7)
  4 ogres
  4 centaurs
  2 bullfrogs (D:7)
  A scorpion (D:2)
  4 howler monkeys
  5 crimson imps
  A centaur zombie (D:9)
  3 hounds
  3 bullfrog skeletons
  A centaur skeleton (D:8)
  4 orc priests
  A jelly (D:5)
  3 iguanas
  3 orc wizards
  6 worker ants
  A worker ant zombie (D:7)
  3 gnolls (D:7)
  A river rat (D:5)
  6 adders
  A shadow imp (D:7)
  2 oozes
  An adder zombie (D:3)
  5 worms
  2 dart slugs
  7 leopard geckos
  28 orcs
  2 ball pythons
  9 giant cockroaches
  9 goblins
  9 hobgoblins
  10 jackals
  12 kobolds
  5 quokkas
  7 bats
  7 frilled lizards
  A giant cockroach zombie (D:5)
  14 rats
199 creatures vanquished.

Vanquished Creatures (others)
  A sky beast (D:5)
  A slave (D:7)
  An orc priest (D:7)
  An orc (D:7)
4 creatures vanquished.

Grand Total: 203 creatures vanquished

Notes
Turn   | Place    | Note
-------+----------+-------------------------------------------
     0 | D:1      | inc the Felid Monk began the quest for the Orb.
     0 | D:1      | Reached XP level 1. HP: 10/10 MP: 2/2
   131 | D:1      | Reached XP level 2. HP: 14/14 MP: 3/3
   758 | D:2      | Noticed an ogre
   761 | D:2      | Reached XP level 3. HP: 17/17 MP: 4/4
   884 | D:2      | Killed an ogre
   884 | D:2      | Reached skill level 5 in Unarmed Combat
   884 | D:2      | Reached XP level 4. HP: 15/21 MP: 5/5
  1277 | D:3      | Reached XP level 5. HP: 24/24 MP: 6/6
  1296 | D:3      | Found a shimmering altar of Xom.
  1296 | D:3      | Found a snail-covered altar of Cheibriados.
  1459 | D:3      | Gained mutation: You have a somewhat thin skeletal structure. (Dex +2, Stealth) [potion of mutation]
  1459 | D:3      | Gained mutation: You can translocate small distances at will. [potion of mutation]
  1745 | D:3      | Noticed Sigmund
  2799 | D:4      | Lost mutation: You can translocate small distances at will. [potion of mutation]
  2799 | D:4      | Gained mutation: Your spells are a little harder to cast, but a little more powerful. [potion of mutation]
  2799 | D:4      | Gained mutation: You are clumsy. (Dex -2) [potion of mutation]
  2799 | D:4      | Gained mutation: Your mind is acute. (Int +2) [potion of mutation]
  2824 | D:4      | Found the +10 large shield of Ignorance {rN+ Int-4}
  2838 | D:5      | Entered Level 5 of the Dungeon
  2842 | D:5      | Gained mutation: You are covered in thick fur. (AC +2) [Felid growth]
  2842 | D:5      | Reached XP level 6. HP: 28/28 MP: 7/7
  2847 | D:5      | Killed a sky beast
  3081 | D:5      | Found a radiant altar of Vehumet.
  3158 | D:5      | Became a worshipper of Vehumet
  3158 | D:5      | Reached * piety under Vehumet
  3158 | D:5      | Offered knowledge of Sandblast by Vehumet.
  3158 | D:5      | Reached ** piety under Vehumet
  3170 | D:5      | Learned a level 1 spell: Sandblast
  3396 | D:3      | Offered knowledge of Shock by Vehumet.
  3448 | D:2      | Learned a level 1 spell: Shock
  3832 | D:4      | Reached skill level 1 in Conjurations
  3832 | D:4      | Reached skill level 1 in Air Magic
  3896 | D:4      | Reached XP level 7. HP: 22/31 MP: 1/8
  5653 | D:5      | Offered knowledge of Inner Flame by Vehumet.
  5954 | D:6      | Found a staircase to the Ecumenical Temple.
  6127 | D:6      | Found an opulent altar of Gozag.
  7109 | D:6      | Learned a level 1 spell: Flame Tongue
  7349 | Temple   | Entered the Ecumenical Temple
  7686 | D:6      | Reached XP level 8. HP: 7/34 MP: 2/9
  8022 | D:7      | Found Rehaona's Food Emporium.
  8089 | D:7      | Reached skill level 1 in Fire Magic
  8336 | D:7      | Noticed a hippogriff
  8389 | D:7      | Reached *** piety under Vehumet
  8734 | D:7      | Offered knowledge of Stone Arrow by Vehumet.
  8780 | D:7      | Slain by a hippogriff
  8781 | D:7      | Reached XP level 7. HP: -2/31 MP: 0/8
  8850 | D:7      | Noticed Pikel
  8874 | D:7      | Reached skill level 5 in Fire Magic
  8877 | D:7      | Killed Pikel
  8877 | D:7      | Reached XP level 8. HP: 5/34 MP: 7/9
  9201 | D:7      | Killed a hippogriff
  9840 | D:7      | Reached skill level 5 in Conjurations
  9971 | D:8      | Noticed a hippogriff
  9983 | D:8      | Killed a hippogriff
  9983 | D:8      | Reached XP level 9. HP: 37/37 MP: 10/10
 10063 | D:8      | Noticed Maurice
 10468 | D:8      | Killed Maurice
 10484 | D:8      | Learned a level 5 spell: Fireball
 10559 | D:8      | Noticed a two-headed ogre
 10588 | D:8      | Reached **** piety under Vehumet
 10626 | D:8      | Reached skill level 1 in Spellcasting
 10762 | D:8      | HP: 1/37 [poisoned by a soldier ant]
 10769 | D:8      | Succumbed to a soldier ant's poison
 10770 | D:8      | Reached XP level 8. HP: 0/34 MP: 13/13
 10777 | D:8      | Learned a level 4 spell: Sticky Flame
 10844 | D:8      | Offered knowledge of Yara's Violent Unravelling by Vehumet.
 11241 | D:9      | Slain by a wyvern skeleton

Skill      XL: |  1  2  3  4  5  6  7  8  9 |
---------------+----------------------------+-----
Unarmed Combat | 4 5 6 7 |  7.5
Conjurations   | 1 3 6 7 |  7.6
Air Magic      | 1 3 |  3.5
Fire Magic     | 6 4 |  6.7
Spellcasting   | 3 2 |  3.7
Fighting       | |  3.0
Dodging        | |  4.0
Stealth        | |  2.6

Action                   |  1- 3 |  4- 6 |  7- 9 || total
-------------------------+-------+-------+-------++-------
Melee: Unarmed           |    83 |   177 |   133 ||   393
       Bite              |     5 |    10 |    10 ||    25
       Punch             |       |     8 |     3 ||    11
 Cast: Sandblast         |       |     5 |       ||     5
       Shock             |       |     3 |   127 ||   130
       Flame Tongue      |       |       |   204 ||   204
       Sticky Flame      |       |       |     7 ||     7
       Fireball          |       |       |     1 ||     1
  Use: Potion            |       |    10 |     4 ||    14
       Scroll            |       |       |    11 ||    11
 Stab: Sleeping          |     5 |    13 |     5 ||    23
       Distracted        |       |     1 |       ||     1
  Eat: Chunk             |       |     9 |    32 ||    41
       Ration            |       |       |     1 ||     1
Armor: Skin              |     7 |     5 |    18 ||    30
Dodge: Dodged            |    53 |   179 |   240 ||   472
